AoeStats
← Cuando florezca el Chuño

Arena

508146628Analyzed
4v4 RM · 9d ago on Sep 21, 2026· 33m 54s· 8 players
Game mode
Random Map
Map size
Large (8 player)
Population
200
Speed
Normal
Resources
Standard
Victory
Conquest
Starting age
Dark Age
Ending age
Imperial Age
RankedLock teamsTeams togetherTeam positionsShared explorationLock speedFull tech treeHidden civsTurbo modeCheats
Victory
Defeat
🇨🇷 Malay · Costa Rica
1244
+17
🇺🇸 Burgundians · United States
1198
+19
🇨🇴 Turks · Colombia
1190
+19
🇦🇷 Celts · Argentina
1138
+21
🇦🇷 Mongols · Argentina
1320
-21
🇦🇷 Poles · Argentina
1268
-19
🇦🇷 Persians · Argentina
1257
-19
🇦🇷 Saracens · Argentina
1205
-17
[ATARB] ExDic Nicolas Maduro
9:25 Feudal Age
8:11 Double-Bit Axe
12:24 Loom
15:36 Castle Age
13:28 Horse Collar
18:15 Cavalier
18:55 Husbandry
19:52 Gold Mining
26:41 Heavy Plow
28:09 Scale Barding Armor
29:29 Gold Shaft Mining
29:39 Wheelbarrow
29:54 Forging
30:05 Chain Barding Armor
FormulaHawk8575
12:01 Feudal Age
12:49 Double-Bit Axe
13:01 Horse Collar
16:13 Gold Mining
18:27 Castle Age
16:34 Loom
17:24 Wheelbarrow
17:30 Forging
18:31 Scale Barding Armor
18:27 Scale Mail Armor
18:38 Forging
19:28 Wheelbarrow
19:36 Bloodlines
19:27 Husbandry
19:37 Heavy Plow
19:47 Bow Saw
20:19 Bow Saw
21:19 Town Watch
22:07 Chain Barding Armor
26:35 Iron Casting
28:46 Town Patrol
30:39 Hand Cart
seantairs
8:46 Feudal Age
8:30 Double-Bit Axe
8:28 Horse Collar
12:59 Loom
16:54 Castle Age
18:38 Wheelbarrow
19:04 Bow Saw
18:56 Heavy Plow
20:14 Hand Cart
23:27 Stone Mining
23:30 Gold Mining
28:49 Elite Skirmisher
29:41 Fletching
30:37 Bodkin Arrow
32:12 Gold Shaft Mining
32:36 Sanctity
32:23 Padded Archer Armor
33:57 Leather Archer Armor
34:05 Ballistics
[ATARB]PELUCHE GUACHIN
12:25 Feudal Age
16:19 Castle Age
25:25 Horse Collar
26:16 Double-Bit Axe
27:15 Bow Saw
28:53 Forging
28:44 Scale Mail Armor
29:40 Wheelbarrow
29:08 Heavy Plow
34:59 Imperial Age
32:42 Loom
Ibz1
10:40 Feudal Age
11:55 Horse Collar
15:39 Castle Age
14:24 Double-Bit Axe
16:29 Loom
17:35 Bow Saw
19:41 Heavy Plow
19:51 Loom
22:24 Forging
23:06 Scale Mail Armor
24:45 Gold Mining
25:20 Szlachta Privileges
26:04 Bloodlines
25:56 Husbandry
JPA.Cooke
10:31 Feudal Age
13:01 Loom
16:02 Castle Age
14:15 Double-Bit Axe
16:06 Bloodlines
23:43 Scale Barding Armor
23:49 Forging
23:55 Horse Collar
26:28 Chain Barding Armor
Un Ronin
10:49 Feudal Age
11:28 Double-Bit Axe
16:21 Castle Age
14:50 Horse Collar
15:57 Fletching
16:51 Padded Archer Armor
18:15 Crossbowman
26:25 Bodkin Arrow
Cuando florezca el Chuño
11:03 Feudal Age
9:18 Loom
14:56 Castle Age
12:56 Double-Bit Axe
14:02 Stone Mining
15:29 Fletching
18:23 Town Watch
19:46 Bodkin Arrow
21:06 Horse Collar
22:17 Bow Saw
24:10 Ballistics
26:41 Husbandry
28:59 Bloodlines
29:45 Padded Archer Armor
30:28 Wheelbarrow
30:37 Thumb Ring
Connection lost

Rejoining the realm…

Still unreachable

The connection could not be restored.

Session expired

The server has moved on; the page needs a fresh start.